 Dungeon Crawl Stone Soup version 0.25-a0-317-g5f8687bca5 (webtiles) character file.

Game seed: 4504125131772649941, levelgen mode: deterministic

518 DerDa the Magician (level 7, -1/41 HPs)
             Began as an Octopode Fire Elementalist on Dec 27, 2019.
             Killed by divine providence
             ... invoked by an orc priest
              (10 damage)
             ... on level 4 of the Dungeon.
             The game lasted 00:15:20 (2834 turns).

DerDa the Magician (Octopode Fire Elementalist)     Turns: 2834, Time: 00:15:21

Health: -1/41      AC:  1    Str:  7    XL:     7   Next: 21%
Magic:  23/23      EV: 13    Int: 20    God:
Gold:   189        SH:  0    Dex: 12    Spells: 3/16 levels left

rFire    . . .     SeeInvis .   o - +4 dagger (drain)
rCold    . . .     Gourm    +   (no shield)
rNeg     . . .     Faith    .   (helmet restricted)
rPois    .         Spirit   .   j - amulet of the gourmand
rElec    .         Reflect  .   r - ring of flight
rCorr    .         Harm     .   s - ring of magical power
MR       .....                  (no ring)
Stlth    +++.......             (no ring)
HPRegen  0.13/turn              (no ring)
MPRegen  0.18/turn              (no ring)
                                (no ring)
                                (no ring)

@: no status effects
A: almost no armour, stealthy swim, amphibious, 8 rings, constrict 8, camouflage
1, gelatinous body 1
a: Evoke Flight


You were on level 4 of the Dungeon.
You were completely stuffed.

You visited 1 branch of the dungeon, and saw 4 of its levels.

You collected 189 gold pieces.

Inventory:

Hand Weapons
 f - a +0 short sword
 o - a +4 dagger of draining (weapon)
 v - a +1 dagger of electrocution
 B - a +0 falchion
Missiles
 e - 72 stones
 h - 21 poisoned darts (quivered)
Jewellery
 j - an amulet of the gourmand (around mantle)
 r - a ring of flight (left tentacle)
 s - a ring of magical power (right tentacle)
Wands
 w - a wand of polymorph (3)
 y - a wand of iceblast (6)
 A - a wand of clouds (6)
Scrolls
 a - 2 scrolls of amnesia
 d - a scroll of identify {unknown}
 g - a scroll of magic mapping
 i - a scroll of noise {unknown}
 q - a scroll of immolation {unknown}
 t - a scroll of remove curse
 u - a scroll of enchant weapon {unknown}
 x - a scroll of enchant armour {unknown}
 z - a scroll of fog {unknown}
Potions
 c - a potion of brilliance {unknown}
 k - a potion of heal wounds
 l - a potion of degeneration {unknown}
 m - a potion of flight {unknown}
 n - 2 potions of curing {unknown}
 p - 2 potions of agility {unknown}
 D - a potion of ambrosia {unknown}
Comestibles
 b - 14 rations
 C - 3 chunks of flesh


   Skills:
 - Level 2.0 Dodging
 - Level 2.6 Stealth
 * Level 5.1 Spellcasting
 + Level 3.6 Conjurations
 + Level 4.6 Fire Magic


You had 3 spell levels left.
You knew the following spells:

 Your Spells              Type           Power        Failure   Level  Hunger
a - Foxfire               Conj/Fire      ###.         1%          1    None
b - Conjure Flame         Conj/Fire      ###.....     6%          3    ##.....
c - Sticky Flame          Conj/Fire      ###.....     21%         4    ####...
d - Fireball              Conj/Fire      ###.......   50%         5    #####..

Your spell library contained the following spells:

 Spells                   Type           Power        Failure   Level  Hunger
 Inner Flame              Hex/Fire       ##......     13%         3    ##.....


Dungeon Overview and Level Annotations

Branches:
Dungeon (4/15)
 Temple: D:4-7

Altars:
Fedhas
Makhleb
Yredelemnul


Innate Abilities, Weirdness & Mutations

You cannot wear most types of armour.
You are very stealthy in the water. (Stealth+)
You are amphibious.
You can wear up to eight rings at the same time.
You can use your tentacles to constrict eight enemies at once.
Your skin changes colour to match your surroundings (Stealth+).
Your rubbery body absorbs attacks. (AC +1, EV +1)


Message History

The gnoll seems less drained.
A gnoll comes into view. It is wielding a +0 spear.
The gnoll misses you. The gnoll closely misses you.
The orc priest begins to cast a cantrip, but forgets the words!
The gnoll hits you with a +0 spear.
* * * LOW HITPOINT WARNING * * *
The gnoll hits you but does no damage.
The gnoll hits you from afar with a +0 spear.
* * * LOW HITPOINT WARNING * * *
Found 10 gold pieces.
Found a ration.
Found a chain mail.
Found a stone staircase leading down.
Found a scroll labeled FYZ TAQATE.
Found a stone staircase leading up.
There is a stone staircase leading up here.
The orc priest invokes the aid of Beogh against you.
Beogh smites you!
You die...

#...$...........?
#..%...o.........
#................
#.>......^......#
#...[.g.........+
#####.og........#
#.g.........#
#.......#####
#.@.....#
#########


You could see an orc priest, 3 gnolls and an orc.

Vanquished Creatures
  An ogre (D:4)
  2 scorpions
  2 hounds (D:4)
  An orc wizard (D:3)
  Ijyb (D:3)
  A worker ant (D:3)
  An iguana (D:4)
  8 adders
  An adder skeleton (D:4)
  2 worms
  A dart slug (D:2)
  3 leopard geckos
  15 orcs
  3 bats
  4 giant cockroaches
  8 goblins
  4 hobgoblins
  9 kobolds
  2 quokkas
  2 ball pythons
  5 frilled lizards (D:1)
  7 rats
83 creatures vanquished.

Vanquished Creatures (others)
  200 foxfires
  4 toadstools (D:1)
204 creatures vanquished.

Grand Total: 287 creatures vanquished

Notes
Turn   | Place    | Note
-------+----------+-------------------------------------------
     0 | D:1      | DerDa the Octopode Fire Elementalist began the quest for
                  | the Orb.
     0 | D:1      | Reached XP level 1. HP: 11/11 MP: 3/3
   236 | D:1      | Reached XP level 2. HP: 17/17 MP: 0/5
   570 | D:1      | Reached XP level 3. HP: 17/21 MP: 4/7
  1006 | D:2      | Reached skill level 3 in Spellcasting
  1127 | D:2      | Noticed a scorpion
  1146 | D:2      | Killed a scorpion
  1146 | D:2      | Reached XP level 4. HP: 13/27 MP: 1/9
  1705 | D:3      | Reached XP level 5. HP: 23/31 MP: 7/10
  1880 | D:3      | Reached skill level 4 in Spellcasting
  1944 | D:3      | Reached XP level 6. HP: 36/36 MP: 2/12
  1976 | D:3      | Noticed Ijyb
  1986 | D:3      | Killed Ijyb
  2129 | D:3      | Learned a level 3 spell: Conjure Flame
  2134 | D:3      | Learned a level 4 spell: Sticky Flame
  2140 | D:3      | Learned a level 5 spell: Fireball
  2264 | D:3      | Found a blossoming altar of Fedhas.
  2417 | D:3      | Found a burning altar of Makhleb.
  2706 | D:4      | Reached skill level 5 in Spellcasting
  2706 | D:4      | Reached XP level 7. HP: 35/41 MP: 14/14
  2748 | D:4      | Found a basalt altar of Yredelemnul.
  2782 | D:4      | HP: 1/41 [gnoll (4)]
  2834 | D:4      | Killed from afar by an orc priest

Levels and vault maps discovered:
D:1:      ldierk_water_garden, layout_loops_ring
D:2:      layout_loops_cross, minivault_14
D:3:      layout_basic, makhleb_grotto_becter, st_stairs_2,
          minmay_curled_crystal, minmay_misc_feat_cross,
          fedhas_altar_fruit_tree, uniq_ijyb
D:4:      layout_basic, lemuel_doored_altar, first_ration

Skill      XL: |  1  2  3  4  5  6 |
---------------+-------------------+-----
Spellcasting   | 3 4 5 |  5.1
Conjurations   | 2 3 |  3.6
Fire Magic     | 4 |  4.6
Dodging        | |  2.0
Stealth        | |  2.6

Action                   |  1- 3 |  4- 6 |  7- 9 || total
-------------------------+-------+-------+-------++-------
Melee: Unarmed           |     4 |       |       ||     4
       Constrict         |    11 |    10 |     4 ||    25
       Short sword       |    21 |    26 |       ||    47
       Tentacles         |     6 |     5 |       ||    11
       Dagger            |       |    14 |     7 ||    21
Throw: Stone             |     1 |       |       ||     1
       Dart              |     5 |     9 |     3 ||    17
 Cast: Foxfire           |    44 |    68 |     6 ||   118
  Use: Scroll            |       |     3 |       ||     3
       Potion            |       |       |     1 ||     1
 Stab: Sleeping          |     1 |     6 |       ||     7
  Eat: Chunk             |    16 |     5 |       ||    21
Armor: Skin              |     4 |     6 |     1 ||    11
Dodge: Dodged            |    30 |    16 |    13 ||    59

Table legend:
 A = Non-vault XP
 B = Vault XP
 C = Vault XP percentage of total XP
 D = Non-vault monster count
 E = Vault monster count
 F = Vault count percentage of total count
                 A         B        C        D         E       F
            +---------+---------+-------+---------+---------+-------
      Total |     695 |      45 |   6.1 |      79 |       4 |   4.8
            +---------+---------+-------+---------+---------+-------
        D:1 |      42 |       0 |   0.0 |      26 |       0 |   0.0
        D:2 |     107 |       0 |   0.0 |      14 |       0 |   0.0
        D:3 |     294 |      45 |  13.3 |      30 |       4 |  11.8
        D:4 |     252 |       0 |   0.0 |       9 |       0 |   0.0
            +---------+---------+-------+---------+---------+-------
